AoeStats
← iaa4e

Black Forest

508720247Analyzed
4v4 RM · 9d ago on Sep 23, 2026· 48m 54s· 8 players
Game mode
Random Map
Map size
Large (8 player)
Population
200
Speed
Normal
Resources
Standard
Victory
Conquest
Starting age
Dark Age
Ending age
Imperial Age
RankedLock teamsTeams togetherTeam positionsShared explorationLock speedFull tech treeHidden civsTurbo modeCheats
Victory
Defeat
🇵🇪 Lithuanians · Peru
1424
+12
🇧🇪 Italians · Belgium
1306
+17
🇬🇧 Bohemians · United Kingdom
1301
+17
🇩🇪 Khmer · Germany
1191
+22
🇨🇳 Gurjaras · China
1340
-18
🇲🇽 Burmese · Mexico
1340
-18
🇵🇪 Japanese · Peru
1306
-16
🇺🇸 Saxons · United States
1292
-16
Rionosis
11:41 Feudal Age
11:57 Feudal Age
13:06 Double-Bit Axe
13:09 Horse Collar
16:04 Castle Age
17:04 Bow Saw
16:57 Heavy Plow
21:56 Wheelbarrow
25:37 Stone Mining
25:38 Gold Mining
27:36 Hand Cart
28:33 Gold Shaft Mining
30:38 Imperial Age
27:56 Loom
27:56 Town Watch
29:35 Treadmill Crane
30:06 Masonry
30:00 Scale Mail Armor
30:04 Squires
30:48 Town Patrol
31:10 Chain Mail Armor
31:07 Forging
30:45 Arson
31:29 Ballistics
32:18 Chemistry
31:51 Architecture
31:44 Ballistics
31:30 Siege Engineers
30:47 Elite Varangian Guard
32:34 Conscription
31:44 Shield Wall
33:13 Clerical Recruitment
34:26 Redemption
34:59 Block Printing
35:27 Sanctity
34:48 Elite Hearth Troop
35:59 Illumination
36:15 Hoardings
36:22 Plate Mail Armor
36:30 Iron Casting
35:49 Fletching
35:44 Pikeman
37:31 Halberdier
38:22 Scale Barding Armor
38:17 Padded Archer Armor
40:27 Architecture
39:53 Murder Holes
39:44 Arrowslits
39:50 Guard Tower
41:20 Gambesons
40:55 Man-at-Arms
42:02 Bodkin Arrow
42:46 Bracer
43:07 Chain Barding Armor
43:03 Leather Archer Armor
42:10 Cranequins
42:57 Thumb Ring
43:32 Elite Skirmisher
45:52 Ring Archer Armor
45:25 Caravan
Yoalliperro
1:12 Loom
10:51 Feudal Age
11:51 Arson
11:55 Man-at-Arms
20:01 Castle Age
19:06 Gold Mining
22:25 Sanctity
23:42 Redemption
26:42 Wheelbarrow
30:21 Hand Cart
32:03 Gold Shaft Mining
37:06 Imperial Age
34:13 Elite Skirmisher
36:59 Fletching
37:50 Bodkin Arrow
39:10 Chemistry
39:52 Block Printing
39:34 Horse Collar
39:56 Padded Archer Armor
39:58 Bracer
40:46 Padded Archer Armor
40:24 Long Swordsman
40:50 Gambesons
41:40 Scale Mail Armor
41:19 Two-Handed Swordsman
44:00 Squires
45:45 Forging
kraquen
0:46 Loom
21:54 Feudal Age
29:48 Castle Age
39:14 Fletching
41:26 Double-Bit Axe
43:37 Wheelbarrow
43:26 Horse Collar
43:33 Pikeman
46:16 Bow Saw
帝国新手
5:46 Loom
11:32 Feudal Age
12:26 Double-Bit Axe
15:26 Horse Collar
18:33 Castle Age
16:53 Stone Mining
18:15 Gold Mining
19:35 Heavy Plow
19:47 Bow Saw
20:29 Town Watch
22:30 Wheelbarrow
25:37 Fletching
26:33 Bodkin Arrow
26:42 Padded Archer Armor
29:27 Gold Shaft Mining
29:21 Fortified Wall
30:33 Redemption
33:02 Imperial Age
32:23 Ballistics
32:11 Thumb Ring
32:23 Leather Archer Armor
34:49 Chemistry
34:21 Conscription
34:09 Kshatriyas
34:12 Elite Elephant Archer
35:35 Bracer
36:07 Hand Cart
36:20 Scale Barding Armor
36:52 Forging
37:31 Husbandry
37:42 Bloodlines
36:53 Elite Shrivamsha Rider
37:54 Chain Barding Armor
37:29 Heavy Camel Rider
38:47 Iron Casting
38:44 Crop Rotation
38:52 Masonry
39:19 Hoardings
39:23 Frontier Guards
41:02 Plate Barding Armor
41:43 Caravan
45:27 Coinage
47:54 Onager
iaa4e
10:37 Feudal Age
16:16 Castle Age
15:25 Double-Bit Axe
17:32 Bow Saw
18:26 Gold Mining
20:50 Wheelbarrow
20:32 Horse Collar
22:55 Husbandry
23:05 Bloodlines
23:16 Heavy Plow
23:18 Loom
28:34 Hand Cart
31:49 Imperial Age
29:05 Town Watch
28:45 Pikeman
30:36 Scale Barding Armor
30:41 Forging
30:24 Fletching
30:57 Ballistics
31:40 Chain Barding Armor
31:24 Man-at-Arms
31:29 Light Cavalry
32:20 Heavy Scorpion
34:05 Chemistry
33:11 Siege Engineers
33:11 Caravan
34:19 Murder Holes
35:02 Gold Shaft Mining
34:17 Stone Mining
35:08 Iron Casting
35:08 Plate Barding Armor
34:29 Bodkin Arrow
34:35 Scale Mail Armor
36:34 Town Patrol
39:09 Halberdier
39:57 Elite Battle Elephant
43:08 Blast Furnace
42:25 Chain Mail Armor
42:10 Bracer
43:26 Double Crossbow
44:23 Crop Rotation
44:36 Caravan
45:27 Hussar
47:01 Tusk Swords
47:21 Conscription
Alotta Fagina
12:27 Feudal Age
16:03 Castle Age
14:13 Double-Bit Axe
14:08 Horse Collar
17:04 Bow Saw
17:25 Heavy Plow
18:44 Wheelbarrow
21:44 Hand Cart
25:24 Fervor
30:51 Imperial Age
28:08 Town Watch
28:08 Loom
29:28 Chemistry
28:49 Ballistics
30:56 Scale Mail Armor
31:06 Forging
31:25 Squires
30:46 Pikeman
31:50 Town Patrol
32:07 Chain Mail Armor
32:17 Siege Engineers
31:42 Pikeman
33:00 Coinage
32:23 Houfnice
32:47 Halberdier
35:59 Two-Man Saw
35:54 Iron Casting
36:23 Banking
36:48 Conscription
36:37 Wagenburg Tactics
37:52 Caravan
44:48 Man-at-Arms
45:03 Elite Hussite Wagon
48:26 Long Swordsman
LanaAio
0:33 Loom
11:00 Feudal Age
11:13 Feudal Age
16:29 Castle Age
15:15 Double-Bit Axe
15:12 Horse Collar
24:50 Wheelbarrow
28:57 Hand Cart
29:19 Gold Mining
33:17 Imperial Age
31:28 Fletching
32:08 Padded Archer Armor
32:04 Bodkin Arrow
32:25 Bow Saw
32:32 Elite Skirmisher
34:00 Leather Archer Armor
36:51 Fortified Wall
37:02 Ballistics
37:43 Chemistry
39:48 Scale Barding Armor
39:44 Bracer
42:18 Bloodlines
41:28 Light Cavalry
42:09 Husbandry
43:49 Hussar
45:17 Chain Barding Armor
45:07 Forging
45:53 Heavy Plow
CTM | KLIN
1:22 Loom
15:39 Feudal Age
20:39 Castle Age
18:54 Double-Bit Axe
19:46 Horse Collar
24:00 Scale Barding Armor
39:04 Imperial Age
37:11 Thumb Ring
37:24 Fletching
37:35 Padded Archer Armor
37:40 Elite Skirmisher
38:18 Bodkin Arrow
41:59 Bow Saw
42:53 Squires
42:15 Pikeman
43:19 Conscription
43:58 Ballistics
44:30 Halberdier
45:26 Forging
45:57 Gold Mining
45:57 Stone Mining
47:42 Wheelbarrow
48:19 Iron Casting
47:47 Bracer
Connection lost

Rejoining the realm…

Still unreachable

The connection could not be restored.

Session expired

The server has moved on; the page needs a fresh start.